 Dungeon Crawl Stone Soup version 0.21.1-1-g345015f (webtiles) character file.

79 shakethe the Chopper (level 4, -1/39 HPs)
             Began as a Hill Orc Abyssal Knight on Feb 5, 2018.
             Was a Believer of Lugonu.
             Slain by a gnoll
             ... wielding a +0 spear
              (7 damage)
             ... on level 2 of the Dungeon.
             The game lasted 00:03:46 (1729 turns).

shakethe the Chopper (Hill Orc Abyssal Knight)      Turns: 1729, Time: 00:03:48

Health: -1/39      AC:  8    Str: 15    XL:     4   Next: 38%
Magic:  6/6        EV: 10    Int: 12    God:    Lugonu [**....]
Gold:   151        SH:  0    Dex: 10    Spells: 3/3 levels left

rFire    . . .     SeeInvis .   a - +1 hand axe
rCold    . . .     Gourm    .   (no shield)
rNeg     . . .     Faith    .   n - +0 ring mail
rPois    .         Spirit   .   (no helmet)
rElec    .         Reflect  .   l - +1 cloak
rCorr    .         Harm     .   p - +0 pair of gloves
MR       .....                  (no boots)
Stlth    ..........             (no amulet)
HPRegen  0.13/turn              (no ring)
MPRegen  0.10/turn              (no ring)

@: no status effects
A: no striking features
a: Depart the Abyss, Bend Space, Renounce Religion


You were on level 2 of the Dungeon.
You worshipped Lugonu.
Lugonu was pleased with you.
You were not hungry.

You visited 1 branch of the dungeon, and saw 2 of its levels.
You visited the Abyss 1 time.

You collected 151 gold pieces.

Inventory:

Hand Weapons
 a - a +1 hand axe (weapon)
 q - a +2 whip of venom
Armour
 b - a +0 leather armour
 l - a +1 cloak (worn)
 m - a +0 leather armour
 n - a +0 ring mail (worn)
 o - a cursed +0 large shield
 p - a +0 pair of gloves (worn)
Scrolls
 d - 2 scrolls of remove curse {unknown}
 f - a scroll of enchant armour {unknown}
 g - 2 scrolls of identify {unknown}
 i - a scroll of teleportation {unknown}
 k - a scroll of enchant weapon {unknown}
 r - a scroll of amnesia {unknown}
Potions
 e - a potion of cancellation {unknown}
 h - a potion of berserk rage {unknown}
 j - a potion of agility {unknown}
 s - a potion of invisibility {unknown}
Comestibles
 c - 3 rations


   Skills:
 - Level 3.6 Fighting
 * Level 5.0 Axes
 - Level 2.1 Armour
 - Level 0.7 Dodging
 + Level 0.6 Shields
 + Level 3.7 Invocations


You had 3 spell levels left.
You didn't know any spells.

Dungeon Overview and Level Annotations

Branches:
Dungeon (2/15)

Altars:
Ashenzari


Message History

The gnoll hits you with a flail.
* * * LOW HITPOINT WARNING * * *
The gnoll hits you but does no damage.
You hit the gnoll.
The gnoll is heavily wounded.
You hit the gnoll. The gnoll barely misses you. The gnoll closely misses you.
The gnoll hits you but does no damage. The gnoll misses you.
You hit the gnoll.
The gnoll is heavily wounded.
You closely miss the gnoll. The gnoll barely misses you. The gnoll misses you.
The gnoll hits you with a whip.
* * * LOW HITPOINT WARNING * * *
You barely miss the gnoll.
The gnoll is heavily wounded.
You hit the gnoll.
You kill the gnoll!
Lugonu accepts your kill.
Your Axes skill increases to level 5!
The gnoll hits you from afar with a spear!
You die...

....## #.# #. ... #.#
## ..
#.################# .
#####..................
#.......###############
###....## ####
###.(####### #...
#)(!...... ..##
##@##...## #####
#g#.$#... ..... ###(g.#
##. .#### #..(##.....
#.((.......
+...........
♣PP............
.P........>....
♣.P+...%.......


You could see 2 gnolls.

Vanquished Creatures
  2 gnolls (D:2)
  An adder (D:2)
  A dart slug (D:1)
  2 leopard geckos
  7 bats
  2 giant cockroaches (D:2)
  5 goblins
  8 hobgoblins
  A jackal (D:1)
  A quokka (D:2)
  A ball python (D:1)
  3 frilled lizards
  5 kobolds
  4 rats (D:2)
  4 plants (D:1)
47 creatures vanquished.

Notes
Turn   | Place    | Note
-------+----------+-------------------------------------------
     0 | Abyss:1  | shakethe the Hill Orc Abyssal Knight began the quest for the Orb.
     0 | Abyss:1  | Reached XP level 1. HP: 19/19 MP: 2/2
     1 | D:1      | Escaped the Abyss
    21 | D:1      | Reached skill level 3 in Axes
    42 | D:1      | Reached * piety under Lugonu
   183 | D:1      | Reached XP level 2. HP: 25/26 MP: 4/4
   312 | D:1      | Found a shattered altar of Ashenzari.
   657 | D:1      | Reached skill level 4 in Axes
   691 | D:1      | Reached XP level 3. HP: 29/31 MP: 5/5
  1639 | D:2      | Reached ** piety under Lugonu
  1701 | D:2      | Reached XP level 4. HP: 39/39 MP: 6/6
  1729 | D:2      | Reached skill level 5 in Axes
  1729 | D:2      | Slain by a gnoll

Skill      XL: |  1  2  3  4 |
---------------+-------------+-----
Axes           | 3 4 5 |  5.0
Invocations    | 3 |  3.7
Fighting       | |  3.6
Armour         | |  2.1
Dodging        | |  0.7
Shields        | |  0.6

Action                   |  1- 3 |  4- 6 || total
-------------------------+-------+-------++-------
Melee: Hand axe          |   270 |    15 ||   285
Invok: Depart the Abyss  |     1 |       ||     1
  Eat: Chunk             |     3 |       ||     3
Armor: Leather armour    |    11 |       ||    11
       Ring mail         |    26 |    11 ||    37
Dodge: Dodged            |    84 |    16 ||   100
